 Dungeon Crawl Stone Soup version 0.31-a0-544-gceb718ecc6 (webtiles) character file.

Game seed: 12856270632071989996

395 Shayle the Trooper (level 6, -8/63 HPs)
             Began as an Ogre Shapeshifter on Aug 15, 2023.
             Mangled by a gnoll
             ... wielding a +0 halberd
             ... led by a gnoll sergeant
              (12 damage)
             ... on level 4 of the Dungeon.
             The game lasted 00:04:51 (1992 turns).

Shayle the Trooper (Ogre Shapeshifter)              Turns: 1992, Time: 00:04:51

Health: -8/63      AC:  3    Str: 19 (20) XL:     6   Next: 82%
Magic:  6/6        EV: 10    Int: 10 (11) God:
Gold:   98         SH:  0    Dex:  7 (9)  Spells: 5/5 levels left

rFire   . .          .
                       - Unarmed
rCold   . . .        (no shield)
rNeg    . . .        a - +0 animal skin
rPois   .            (helmet currently unavailable)
rElec   .            (cloak currently unavailable)
rCorr   .            (gloves unavailable)
SInv    .            (boots unavailable)
Will    .....        (no amulet)
Stlth   +            (no ring)
HPRegen 0.30/turn    (no ring)
MPRegen 0.10/turn

%: no passive effects
@: beast-form
A: beast (slay +2), large, unfitting armour, tough skin 1
a: Begin Untransformation


You were on level 4 of the Dungeon.
You were a hulking beast.
You visited 1 branch of the dungeon, and saw 4 of its levels.

You collected 98 gold pieces.

Inventory:

Armour
 a - a +0 animal skin (worn)
Talismans
 c - a beast talisman (active)
 d - a flux talisman
Scrolls
 e - a scroll of identify
Potions
 b - a potion of lignification
 f - a potion of heal wounds {unknown}
 j - a potion of resistance {unknown}
 l - a potion of curing {unknown}


   Skills:
 + Level 4.5 Fighting
 + Level 3.4 Dodging
 + Level 4.1 Unarmed Combat
 + Level 4.1 Shapeshifting


You had 5 spell levels left.
You didn't know any spells.
Your spell library contained the following spells:

 Spells                   Type           Power      Damage    Failure   Level
 Dazzling Flash           Conj/Hex       0%         N/A       75%         3
 Inner Flame              Hex/Fire       0%         N/A       75%         3
 Flame Wave               Conj/Fire      0%         2d4       98%         4
 Sticky Flame             Conj/Fire      0%         2d3       98%         4
 Agony                    Necr           0%         N/A       100%        5
 Silence                  Hex/Air        0%         N/A       100%        5


Dungeon Overview and Level Annotations

Branches:
Dungeon (4/15)
 Temple: D:4-7

Altars:
Elyvilon

Annotations:
D:3 1 runed translucent door, quinnr's ghost, amateur TeAE


Innate Abilities, Weirdness & Mutations

You are a hulking beast.
Your limbs bulge with bestial killing power. (Slay +2)
You are too large for most types of armour.
You have tough skin. (AC +1)


Message History

The gnoll hits you from afar with a +0 spear.
* * * LOW HITPOINT WARNING * * *
The gnoll completely misses you.
You bump into the stone wall.
You feel less invigorated.
You feel less confused. The gnoll barely misses you.
The gnoll hits you with a +0 flail.
* * * LOW HITPOINT WARNING * * *
The ball python bites you.
* * * LOW HITPOINT WARNING * * *
The gnoll barely misses you. The ball python bites you.
* * * LOW HITPOINT WARNING * * *
As you read the scroll labelled HOVAIP GICAHUSO, it crumbles to dust.
It is a scroll of identify.
k - a scroll of teleportation The ball python bites you but does no damage.
As you read the scroll of teleportation, it crumbles to dust.
You feel strangely unstable. The ball python barely misses you.
You hit the ball python.
You kill the ball python!
You hit the gnoll.
The gnoll is heavily wounded.
The gnoll hits you with a +0 flail.
* * * LOW HITPOINT WARNING * * *
You hit the gnoll.
The gnoll is severely wounded.
The gnoll barely misses you. x2
You punch the gnoll!
You kill the gnoll!
The gnoll hits you from afar with a +0 spear.
* * * LOW HITPOINT WARNING * * *
Your surroundings suddenly seem different.
A gnoll sergeant and 4 gnolls come into view.
A gnoll is wielding a +0 halberd.
Found 12 gold pieces.
Found a stone staircase leading up.
The gnoll sergeant shouts!
The gnoll shouts! x2
The gnoll closely misses you. The gnoll barely misses you.
The gnoll closely misses you. The gnoll hits you with a +0 halberd!
You die...

# #.
####.####
#...gg..#
#.....h.#
......ggg#
##......$#
#...<...#
#.......#
#.......#
##.######
#.


You could see a gnoll sergeant and 4 gnolls.

Vanquished Creatures
  Sigmund (D:2)
  A hound (D:4)
  Terence (D:2)
  Natasha (twice) (D:2)
  5 gnolls
  3 adders
  A dart slug (D:3)
  9 bats
  6 endoplasms
  A giant cockroach (D:2)
  4 goblins
  6 hobgoblins
  4 jackals (D:1)
  4 kobolds
  A quokka (D:1)
  7 ball pythons
  2 frilled lizards
  5 rats
63 creatures vanquished.

Notes
Turn   | Place    | Note
-------+----------+-------------------------------------------
     0 | D:1      | Shayle the Ogre Shapeshifter began the quest for the Orb.
     0 | D:1      | Reached XP level 1. HP: 19/19 MP: 1/1
    70 | D:1      | Reached XP level 2. HP: 18/28 MP: 2/2
   489 | D:1      | Reached XP level 3. HP: 35/35 MP: 3/3
   989 | D:2      | Noticed Terence
  1006 | D:2      | Killed Terence
  1007 | D:2      | Reached XP level 4. HP: 30/44 MP: 4/4
  1125 | D:2      | Noticed Natasha
  1133 | D:2      | Killed Natasha
  1400 | D:2      | Noticed Natasha
  1408 | D:2      | Killed Natasha
  1409 | D:2      | Reached XP level 5. HP: 46/53 MP: 5/5
  1454 | D:2      | Found a white marble altar of Elyvilon.
  1455 | D:2      | Noticed Sigmund
  1468 | D:2      | Killed Sigmund
  1469 | D:2      | Reached XP level 6. HP: 50/62 MP: 6/6
  1916 | D:3      | Noticed quinnr's ghost (amateur TeAE)
  1918 | D:3      | Found a runed translucent door.
  1976 | D:4      | HP: 2/63 [gnoll/+0 flail (10)]
  1990 | D:4      | HP: 3/63 [gnoll/+0 spear (4)]
  1992 | D:4      | Mangled by a gnoll

Illustrated notes

Levels and vault maps discovered:
D:1:      wander_arrival_chamber, layout_basic
D:2:      layout_basic, basic_altar, kennysheep_generic_room_5, uniq_natasha,
          uniq_sigmund, uniq_terence
D:3:      due_chaos_kobolds, layout_basic, doesnt_xom_only_xom,
          hellmonk_ghost_happy_afterlife, serial_shops, nicolae_shop_tiny_glass,
          shapermc_ecumenical_altar_mp_urbaneastern,
          hangedman_decor_peaks_small, nicolae_twisty_statue_hallways
D:4:      layout_loops_ring, lemuel_mausoleum_altar_kikubaaqudgha

Skill      XL: |  1  2  3  4  5  6 |
---------------+-------------------+-----
Dodging        | 2 3 |  3.4
Fighting       | 2 3 4 |  4.5
Unarmed Combat | 3 4 |  4.1
Shapeshifting  | 4 |  4.1

Action                     |  1- 3 |  4- 6 || total
---------------------------+-------+-------++-------
  Melee: Unarmed           |   103 |    96 ||   199
         Punch             |     1 |     3 ||     4
    Use: Potion            |     1 |     3 ||     4
         Scroll            |       |     2 ||     2
 Armour: Animal skin       |    20 |    23 ||    43
         Skin              |     6 |       ||     6
  Dodge: Dodged            |    42 |    51 ||    93

Table legend: (Time is in decaauts)
 A = Elapsed time spent in this place.
 B = Non-inter-level travel time spent in this place.
 C = Inter-level travel time spent in this place.
 D = Time resting spent in this place.
 E = Time spent auto-exploring this place.
 F = Levels seen in this place.
 G = Mean time per level.
                   A        B        C        D        E       F      G
               +--------+--------+--------+--------+--------+-----+--------+
         Total |   1979 |   1923 |     56 |    167 |   1207 |   4 |  494.8 |
       Dungeon |   1979 |   1923 |     56 |    167 |   1207 |   4 |  494.8 |
               +--------+--------+--------+--------+--------+-----+--------+

Top non-repeatable levels by time:
     D:2: 934 daAuts
     D:1: 714 daAuts
     D:3: 269 daAuts
     D:4: 61 daAuts
